 Dungeon Crawl Stone Soup version 0.30-a0-55-g90e3122c3a (webtiles) character file.

Game seed: 964745925242582997

749 kae the Firebug (level 7, -2/36 HPs)
             Began as a Deep Elf Fire Elementalist on Sept 9, 2022.
             Slain by a gnoll
             ... wielding a +0 club
             ... led by a gnoll bouda
              (4 damage)
             ... on level 8 of the Dungeon.
             The game lasted 00:03:09 (4735 turns).

kae the Firebug (Deep Elf Fire Elementalist)        Turns: 4735, Time: 00:03:09

Health: -2/36      AC:  4    Str:  5    XL:     7   Next: 48%
Magic:  10/17      EV: 12    Int: 22    God:
Gold:   215        SH:  0    Dex: 15    Spells: 4/17 levels left

rFire   . . .      SeeInvis +    (no weapon)
rCold   . . .      Faith    .    (no shield)
rNeg    . . .      Spirit   .    a - +0 robe
rPois   .          Reflect  .    l - +0 helmet
rElec   .          Harm     .    (no cloak)
rCorr   .          Rampage  .    f - +0 pair of gloves
Will    .....                    (no boots)
Stlth   ++........               (no amulet)
HPRegen 0.12/turn                v - ring of see invisible
MPRegen 0.15/turn                (no ring)

@: weakened, slowed, very slow
A: no striking features
a: no special abilities


You were on level 8 of the Dungeon.
You visited 1 branch of the dungeon, and saw 7 of its levels.

You collected 215 gold pieces.


   Skills:
 - Level 2.4 Dodging
 - Level 2.4 Stealth
 + Level 5.6 Spellcasting
 * Level 5.8 Conjurations
 * Level 6.6 Fire Magic


You had 4 spell levels left.
You knew the following spells:

 Your Spells              Type           Power      Damage    Failure   Level
a - Foxfire               Conj/Fire      100%       2x1d9     1%          1
b - Scorch                Fire           70%        2d8       1%          2
c - Conjure Flame         Conj/Fire      33%        6-21      2%          3
d - Inner Flame           Hex/Fire       20%        N/A       8%          3
e - Flame Wave            Conj/Fire      33%        2d10      8%          4

Your spell library contained the following spells:

 Spells                   Type           Power      Damage    Failure   Level
 Apportation              Tloc           12%        N/A       10%         1
 Sting                    Tmut/Pois      24%        1d4       10%         1
 Ensorcelled Hibernation  Hex/Ice        12%        N/A       14%         2
 Poisonous Vapours        Pois/Air       12%        N/A       14%         2
 Spider Form              Tmut/Pois      6%         N/A       28%         3
 Anguish                  Hex/Necr       3%         N/A       67%         4
 Olgreb's Toxic Radiance  Pois           6%         N/A       67%         4
 Alistair's Intoxication  Tmut/Pois      4%         N/A       95%         5

Inventory:

Missiles
 c - 3 curare-tipped darts {=f}
 h - 6 poisoned darts
 m - 23 stones
Armour
 a - a +0 robe (worn)
 f - a +0 pair of gloves (worn)
   (You found it on level 1 of the Dungeon)
 l - a +0 helmet (worn)
   (You found it on level 2 of the Dungeon)
Jewellery
 v - a ring of see invisible (left hand)
   (You found it on level 3 of the Dungeon)
Wands
 q - a wand of paralysis (7)
   (You found it on level 3 of the Dungeon)
Scrolls
 g - a scroll of fear
 k - a scroll of identify {@r1}
Potions
 b - a potion of flight
 d - 2 potions of invisibility
 e - a potion of mutation {!q}
 j - a potion of attraction {!q}

Dungeon Overview and Level Annotations

Branches:
Dungeon (8/15) Zot: 26989
 Temple: D:4-7         Lair: D:8-11

Altars:
Gozag

........#.## #.....#
...........###.....##
....................####
..........#.............
.........####...........
.........## #...........
..........#####.........
.........<.......K....##
#...............@.....#
##...............g...##
................#####
......#...........##
....##......##....##
#...........##.....#
...........####.###
.........# ### .....#..#


You could see a gnoll (swift, combustible) and a kobold.


Message History

Casting: Foxfire (safe; 1% risk of failure)
Confirm with . or Enter, or press ? or * to list all spells.
You conjure some foxfire!
The foxfire hits the adder.
The foxfire hits the adder. x2 😎 MP[-1]
You lost 1 mp, and now have 15/17 mp.
An adder is nearby!
Casting: Foxfire (safe; 1% risk of failure)
Confirm with . or Enter, or press ? or * to list all spells.
You conjure some foxfire!
The foxfire hits the adder!
You kill the adder!
Found a stone staircase leading up.
You see here an adder corpse. 😎 MP[+2]
Your mp is fully restored (17).
Casting: Foxfire (safe; 1% risk of failure)
Confirm with . or Enter, or press ? or * to list all spells.
You conjure some foxfire!
h - 6 poisoned darts A sourceless malevolence fills the Dungeon...
You fall into a shaft and drop 3 floors!
The shaft crumbles and collapses.
Found a stone staircase leading up.
Unknown command.
Found a stone staircase leading up.
There is a stone staircase leading up here.
An orc priest and an orc come into view.
Unknown command.
There are monsters nearby!
There are monsters nearby!
There are monsters nearby!
There are monsters nearby!
There is a stone staircase leading up here.
You climb upwards.
The kobold shouts! x3; The gnoll bouda shouts!
The gnoll shouts!
The kobold shouts!
The gnoll shouts!
The kobold shouts!
There is a stone staircase leading down here.
Casting: Foxfire (safe; 1% risk of failure)
Confirm with . or Enter, or press ? or * to list all spells.
Flames lash the gnoll.
The gnoll's fire resistance burns away.
The gnoll misses you.
The gnoll bouda gazes fiercely through you!
You feel your attacks grow feeble.
The gnoll bouda barks out a call to the hunt!
The gnolls pick up the pace!
The gnoll hits you from afar with a +0 halberd!
The gnoll hits you with a +0 club.
The kobold throws a stone.
The stone hits you but does no damage. 😮 HP[-13] MP[-2]
You take 13 damage, and now have 23/36 hp.
MASSIVE DAMAGE!! (PAUSE)
You lost 2 mp, and now have 15/17 mp.
Casting: Scorch (safe; 1% risk of failure)
Confirm with . or Enter, or press ? or * to list all spells.
The spell is quite dangerous to miscast (8% risk of failure)!
Continue anyway?
Casting: Flame Wave (quite dangerous; 8% risk of failure)
Press: ? - help, Dir - look around, f - activate A wave of flame ripples out!
The flame wave engulfs the kobold!
You kill the kobold!
The flame wave engulfs the gnoll. (Press . to intensify the flame waves.)
The gnoll misses you.
The gnoll hits you from afar with a +0 halberd.
The kobold brigand throws a curare-tipped dart.
The curare-tipped dart hits you.
You are poisoned.
You have difficulty breathing.
* * * LOW HITPOINT WARNING * * *
You feel yourself slow down. 😨 HP[-12] MP[-4]
You take 12 damage, and now have 11/36 hp.
MASSIVE DAMAGE!! (PAUSE)
You lost 4 mp, and now have 11/17 mp.
You can't go up here!
Unknown command.
* * * LOW HITPOINT WARNING * * *
You feel very sick.
The gnoll is no longer more vulnerable to fire.
The gnoll closely misses you. The gnoll barely misses you.
The kobold hits you but does no damage.
The gnoll bouda gazes fiercely through you!
You feel as though you will be weak longer.
You climb downwards.
You feel very sick.
There is a stone staircase leading up here. 😱 HP[-5] MP[+1]
You take 5 damage, and now have 6/36 hp.
Unknown command.
Casting: Flame Wave (quite dangerous; 8% risk of failure)
Confirm with . or Enter, or press ? or * to list all spells.
Flames lash the gnoll.
The gnoll's fire resistance burns away.
You feel sick. The gnoll barely misses you.
The kobold hits you with a +0 short sword.
* * * LOW HITPOINT WARNING * * *
The kobold closely misses you. The gnoll closely misses you.
* * * LOW HITPOINT WARNING * * *
You feel sick.
You are no longer poisoned.
The gnoll hits you with a +0 club.
You die...

Skill      XL: |  1  2  3  4  5  6 |
---------------+-------------------+-----
Conjurations   | 2 3 4 5 |  5.8
Fire Magic     | 4 5 6 |  6.6
Spellcasting   | 4 5 |  5.6
Dodging        | |  2.4
Stealth        | |  2.4

Action                   |  1- 3 |  4- 6 |  7- 9 || total
-------------------------+-------+-------+-------++-------
 Cast: Foxfire           |    89 |    42 |    20 ||   151
       Scorch            |       |    16 |     5 ||    21
       Conjure Flame     |       |       |     1 ||     1
       Flame Wave        |       |       |     1 ||     1
  Use: Scroll            |     5 |     7 |       ||    12
       Potion            |       |     5 |       ||     5
Armor: Robe              |     6 |     2 |     2 ||    10
       Skin              |       |     1 |       ||     1
Dodge: Dodged            |    12 |     9 |     9 ||    30

Levels and vault maps discovered:
D:1:      dpeg_arrival_water_altar, layout_loops_ring,
          hellmonk_ecumenical_altar_run_dry
D:2:      layout_basic
D:3:      layout_basic, minmay_misc_feat_enclosed
D:4:      layout_basic, serial_co_window_serial, co_window_paths_b,
          co_window_of_opportunity_a, co_window_paths_b, co_window_paths_a,
          co_window_corner_a, co_window_cross_3, co_window_2corner,
          co_window_2corner, co_window_broadway_b, glass_columns_a,
          glass_columns_a, glass_columns_a, glass_columns_a, glass_columns_a
D:5:      layout_rooms, mainiacjoe_overflow_tiny_flanked, serial_glass,
          glass_columns_c, glass_columns_b, feat_on_display,
          due_unseen_surprise, minmay_strange_pillars,
          hangedman_abyss_or_decor_passed, minmay_misc_feat_doors, sigmund_army
D:7:      nzn_winding_woodlands_cross [nzn_winding_woodlands_5x15_pool,
          nzn_winding_woodlands_5x15_cabin, nzn_winding_woodlands_5x15_default,
          nzn_winding_woodlands_5x15_twine,
          nzn_winding_woodlands_15x15_killbox], layout_basic,
          minmay_temple_entry_purple_smoke, uniq_duvessa
D:8:      layout_cave_pools

Notes
Turn   | Place    | Note
-------+----------+-------------------------------------------
     0 | D:1      | kae the Deep Elf Fire Elementalist began the quest for the
                  | Orb.
     0 | D:1      | Reached XP level 1. HP: 10/10 MP: 6/6
     0 | D:1      | magus.rc [v1.11.3]
   322 | D:1      | Reached XP level 2. HP: 15/15 MP: 5/8
   536 | D:1      | Found a faded altar of an unknown god.
   681 | D:1      | Reached skill level 2 in Conjurations
   807 | D:1      | Found an opulent altar of Gozag.
  1217 | D:2      | Reached XP level 3. HP: 19/19 MP: 6/9
  1257 | D:2      | You pick up a book of Dreams and begin reading...
  1257 | D:2      | You add the spells Ensorcelled Hibernation, Spider Form and
                  | Anguish to your library.
  1327 | D:2      | You pick up a book of Party Tricks and begin reading...
  1327 | D:2      | You add the spells Apportation and Alistair's Intoxication
                  | to your library.
  1375 | D:2      | Reached skill level 4 in Fire Magic
  2479 | D:4      | Reached XP level 4. HP: 24/24 MP: 8/11
  2487 | D:4      | Learned a level 2 spell: Scorch
  2491 | D:4      | Learned a level 3 spell: Conjure Flame
  2508 | D:4      | Learned a level 3 spell: Inner Flame
  2615 | D:4      | Reached skill level 3 in Conjurations
  2671 | D:4      | Noticed an ogre
  2918 | D:4      | You add the spells Sting, Poisonous Vapours and Olgreb's
                  | Toxic Radiance to your library.
  3195 | D:4      | Reached skill level 4 in Spellcasting
  3398 | D:4      | Reached XP level 5. HP: 16/28 MP: 6/13
  3565 | D:4      | HP: 1/28 [orc priest/divine providence (7)]
  3575 | D:4      | Reached skill level 5 in Fire Magic
  3578 | D:4      | Reached skill level 4 in Conjurations
  3583 | D:4      | Killed an ogre
  3584 | D:4      | Reached XP level 6. HP: 4/32 MP: 13/15
  4184 | D:4      | Learned a level 4 spell: Flame Wave
  4201 | D:5      | Entered Level 5 of the Dungeon
  4302 | D:5      | Reached skill level 5 in Spellcasting
  4314 | D:5      | Reached skill level 5 in Conjurations
  4314 | D:5      | Reached skill level 6 in Fire Magic
  4389 | D:5      | Reached XP level 7. HP: 29/36 MP: 11/17
  4692 | D:5      | You fall into a shaft and drop 3 floors!
  4732 | D:7      | HP: 9/36 [poisoned by a kobold brigand (curare-tipped
                  | dart)]
  4734 | D:8      | HP: 4/36 [kobold/+0 short sword (1)]
  4735 | D:8      | Slain by a gnoll

Vanquished Creatures
  A black bear (D:5)
  An ogre (D:4)
  A phantom (D:5)
  A bullfrog (D:5)
  3 scorpions (D:5)
  A jelly (D:4)
  2 orc priests (D:4)
  An iguana (D:4)
  An orc wizard (D:4)
  4 adders
  4 dart slugs
  12 orcs
  7 ball pythons
  5 endoplasms
  2 giant cockroaches (D:1)
  5 goblins
  8 hobgoblins
  2 jackals (D:2)
  5 kobolds
  2 quokkas (D:3)
  2 bats
  4 frilled lizards
  4 rats
78 creatures vanquished.

Vanquished Creatures (others)
  257 foxfires
257 creatures vanquished.

Grand Total: 335 creatures vanquished

Table legend:
 A = Non-vault XP
 B = Vault XP
 C = Vault XP percentage of total XP
 D = Non-vault monster count
 E = Vault monster count
 F = Vault count percentage of total count
                 A         B        C        D         E       F
            +---------+---------+-------+---------+---------+-------
      Total |    1052 |      18 |   1.7 |      72 |       6 |   7.7
            +---------+---------+-------+---------+---------+-------
        D:1 |      27 |       0 |   0.0 |      13 |       0 |   0.0
        D:2 |      29 |       0 |   0.0 |      15 |       0 |   0.0
        D:3 |      35 |       0 |   0.0 |      14 |       0 |   0.0
        D:4 |     369 |       0 |   0.0 |      20 |       0 |   0.0
        D:5 |     591 |      18 |   3.0 |       9 |       6 |  40.0
        D:7 |       1 |       0 |   0.0 |       1 |       0 |   0.0
            +---------+---------+-------+---------+---------+-------

Illustrated notes

Table legend:
 A = Kills in this place as a percentage of kills in entire the game.
 B = Kills by you in this place as a percentage of kills by you in the entire game.
 C = Kills by friends in this place as a percentage of kills by friends in the entire game.
 D = Other kills in this place as a percentage of other kills in the entire game.
 E = Experience gained in this place as a percentage of experience gained in the entire game.
 F = Experience gained in this place divided by the number of levels of this place that you have seen.
                   A       B       C       D       E      F
               +-------+-------+-------+-------+-------+----------------------
         Total | 100.0 | 100.0 |   N/A |   N/A | 100.0 | 152.9
       Dungeon | 100.0 | 100.0 |   N/A |   N/A | 100.0 | 152.9
               +-------+-------+-------+-------+-------+----------------------

Table legend: (Time is in decaauts)
 A = Elapsed time spent in this place.
 B = Non-inter-level travel time spent in this place.
 C = Inter-level travel time spent in this place.
 D = Time resting spent in this place.
 E = Time spent auto-exploring this place.
 F = Levels seen in this place.
 G = Mean time per level.
                   A        B        C        D        E       F      G
               +--------+--------+--------+--------+--------+-----+--------+
         Total |   4725 |   4546 |    179 |     53 |   3923 |   7 |  675.0 |
       Dungeon |   4725 |   4546 |    179 |     53 |   3923 |   7 |  675.0 |
               +--------+--------+--------+--------+--------+-----+--------+

Top non-repeatable levels by time:
     D:4: 1798 daAuts
     D:1: 886 daAuts
     D:2: 833 daAuts
     D:3: 756 daAuts
     D:5: 405 daAuts
     D:8: 39 daAuts
     D:7: 5 daAuts
